Map: Frozen Temple

Players

BowmanSX

  • Race: Protoss Protoss
  • League: Master

Miszu - Winner!

  • Race: Terran Terran
  • League: Master

VOD

Have the link to the VOD?

Description

Time

  • Played on: March 29, 2016, 5:03 p.m.
  • Length: 14:00
Show
View Real Time Build Order
Export as new Build Order

BowmanSX Protoss 

Build Orders: 1 Gate Expand, Double Forge 

Get SALT Encoding   

  12  0:02  Probe (Chrono Boost)  
  13  0:13  Probe (Chrono Boost)  
  14  0:19  Pylon  
  14  0:23  Probe (Chrono Boost)  
  15  0:37  Probe (Chrono Boost)  
  15  0:40  Gateway  
  16  0:43  Assimilator  
  16  0:49  Probe (Chrono Boost)  
  17  0:59  Probe (Chrono Boost)  
  18  1:16  Nexus  
  18  1:19  Probe (Chrono Boost)  
  19  1:29  Cybernetics Core  
  19  1:34  Assimilator  
  19  1:37  Probe (Chrono Boost)  
  20  1:48  Probe (Chrono Boost)  
  20  1:49  Pylon  
  21  1:58  Probe (Chrono Boost)  
  22  2:06  Warp Gate (Chrono Boost)  
  22  2:07  Stalker  
  24  2:09  Probe (Chrono Boost)  
  25  2:21  Mothership Core (Chrono Boost)  
  27  2:29  Probe (Chrono Boost)  
  28  2:36  Adept (Chrono Boost)  
  28  2:39  Probe x2 (Chrono Boost)  
  32  2:49  Robotics Facility, Probe (Chrono Boost)  
  32  2:50  Probe (Chrono Boost)  
  34  3:00  Probe  
  34  3:01  Adept, Probe  
  39  3:12  Probe (Chrono Boost)  
  39  3:13  Probe (Chrono Boost)  
  40  3:21  Stargate, Assimilator  
  40  3:23  Probe (Chrono Boost)  
  40  3:24  Probe (Chrono Boost)  
  41  3:34  Probe x2 (Chrono Boost)  
  41  3:41  Pylon  
  40  3:44  Observer  
  40  3:45  Probe x2 (Chrono Boost)  
  43  3:55  Probe (Chrono Boost)  
  44  3:56  Probe (Chrono Boost)  
  44  4:00  Nexus  
  44  4:01  Pylon  
  45  4:04  Oracle (Chrono Boost)  
  45  4:08  Probe  
  49  4:11  Mothership Core  
  51  4:20  Gateway x2  
  51  4:25  Probe, Assimilator  
  51  4:27  Observer  
  51  4:31  Adept, Probe (Chrono Boost)  
  53  4:37  Probe (Chrono Boost)  
  57  4:43  Probe (Chrono Boost)  
  58  4:48  Probe (Chrono Boost)  
  58  4:50  Forge  
  59  4:53  Forge  
  59  4:54  Probe (Chrono Boost)  
  59  4:59  Gateway, Probe (Chrono Boost)  
  61  5:12  Probe (Chrono Boost)  
  61  5:13  Probe (Chrono Boost)  
  63  5:15  Gateway  
  63  5:17  Gateway, Pylon  
  63  5:20  Probe (Chrono Boost)  
  64  5:24  Gateway  
  64  5:25  Gateway, Sentry x2  
  64  5:27  Sentry  
  70  5:29  Protoss Ground Weapons Level 1 (Chrono Boost)  
  70  5:30  Protoss Ground Armor Level 1 (Chrono Boost)  
  70  5:31  Probe (Chrono Boost)  
  70  5:32  Probe (Chrono Boost)  
  72  5:36  Probe (Chrono Boost)  
  72  5:42  Probe  
  74  5:49  Probe x2  
  72  5:54  Probe  
  72  5:55  Twilight Council  
  72  5:56  Adept x3  
  80  6:02  Pylon x2  
  80  6:08  Stalker  
  82  6:13  Probe x2  
  84  6:20  Immortal (Chrono Boost)  
  84  6:23  Pylon x2  
  84  6:24  Adept x2  
  84  6:25  Adept  
  84  6:38  Stalker x5  
  84  6:45  Adept x2  
  84  6:46  Adept  
  86  6:51  Mothership Core, Assimilator  
  86  6:52  Probe  
  89  6:54  Assimilator  
  89  7:08  Adept x3  
  89  7:09  Adept x4  
  89  7:14  Protoss Ground Weapons Level 2  
  97  7:17  Protoss Ground Armor Level 2  
  97  7:18  Probe  
  98  7:23  Adept  
  98  7:27  Immortal (Chrono Boost)  
  98  7:28  Pylon x2  
  98  7:29  Pylon  
  104  7:39  Adept x2  
  108  7:45  Resonating Glaives  
  108  7:47  Adept  
  108  7:50  Adept  
  112  7:56  Adept x2  
  116  8:01  Warp Prism (Chrono Boost)  
  118  8:09  Pylon  
  118  8:10  Adept x6  
  130  8:23  Pylon  
  130  8:24  Pylon  
  130  8:26  Pylon  
  130  8:27  Dark Shrine  
  130  8:32  Observer (Chrono Boost)  
  130  8:33  Probe x2  
  133  8:45  Probe x2  
  135  8:49  Adept x4  
  135  8:50  Adept x4  
  133  9:17  Probe x2  
  133  9:21  Probe  
  133  9:23  Protoss Ground Weapons Level 3, Protoss Ground Armor Level 3  
  135  9:25  Blink  
  135  9:29  Assimilator, Probe  
  136  9:34  Dark Shrine  
  136  9:39  Pylon x2  
  136  9:41  Pylon  
  136  9:43  Phoenix  
  138  9:58  Immortal (Chrono Boost)  
  140  10:07  Nexus  
  140  10:10  Pylon, Stalker  
  140  10:11  Stalker x4  
  148  10:16  Probe  
  149  10:30  Pylon  
  149  10:31  Pylon  
  124  10:45  Adept x5  
  124  10:47  Adept x3  
  138  10:56  Probe x2  
  134  10:57  Probe  
  130  11:06  Dark Templar  
  130  11:07  Adept x2  
  130  11:09  Stalker  
  138  11:15  Nexus  
  138  11:16  Pylon  
  138  11:27  Dark Templar x2  
  138  11:28  Dark Templar x2  
  138  11:31  Dark Templar  
  138  11:32  Dark Templar  
  149  11:40  Dark Templar  
  150  11:53  Nexus  
  148  11:54  Pylon  
  148  11:57  Stalker  
  140  12:09  Stalker x4  
  142  12:16  Stalker x2  
  142  12:26  Adept x2  
  138  12:46  Adept  
  138  12:47  Adept x3  
  138  12:48  Stalker x2  
  138  12:51  Stalker x2  
  150  13:08  Adept x3  
  116  13:13  Stalker  
  97  13:20  Adept  
  97  13:21  Dark Templar  
  67  13:39  Adept x3  
Show
View Real Time Build Order
Export as new Build Order

Miszu Terran - Winner!

Build Orders: Command Center First (CC), MMM Bio 

Get SALT Encoding   

  12  0:00  SCV  
  13  0:12  SCV  
  14  0:17  Supply Depot  
  14  0:25  SCV  
  15  0:39  SCV  
  16  0:51  SCV  
  17  1:01  Command Center  
  17  1:07  Command Center  
  17  1:10  SCV  
  18  1:22  SCV  
  18  1:24  Barracks  
  19  1:34  SCV  
  19  1:36  Barracks  
  20  1:46  SCV  
  21  1:50  Barracks  
  21  1:59  SCV  
  22  2:11  Marine, Orbital Command  
  23  2:21  Orbital Command  
  23  2:25  Marine  
  23  2:29  Marine  
  25  2:31  Refinery  
  25  2:33  Refinery  
  25  2:37  SCV  
  25  2:40  Marine  
  25  2:43  Marine  
  28  2:47  Marine, SCV  
  28  2:49  SCV  
  30  2:57  Supply Depot  
  30  2:59  SCV  
  30  3:02  SCV  
  32  3:06  Marine  
  32  3:07  Marine  
  32  3:08  Barracks Tech Lab  
  32  3:11  SCV  
  35  3:14  SCV  
  36  3:21  Bunker  
  36  3:23  SCV  
  36  3:24  Marine x2  
  36  3:26  SCV  
  38  3:37  Marine  
  38  3:39  Stimpack, SCV x2  
  41  3:42  Marine x2  
  43  3:51  SCV x2  
  43  3:53  Factory  
  43  3:55  Marine  
  45  3:56  Supply Depot  
  45  3:58  Refinery  
  46  4:15  Supply Depot  
  46  4:17  Marine x2, SCV x2  
  46  4:19  Engineering Bay  
  51  4:26  Engineering Bay  
  51  4:29  SCV x2  
  53  4:34  Marauder  
  53  4:36  Barracks Reactor  
  53  4:37  Starport, Barracks Tech Lab  
  53  4:38  Factory Reactor  
  54  4:41  SCV x2  
  54  4:42  Supply Depot  
  56  4:48  Terran Infantry Weapons Level 1  
  56  4:54  SCV x2  
  56  4:55  Marauder  
  60  5:06  SCV x2  
  59  5:14  Missile Turret x2  
  59  5:16  Marine x3  
  59  5:18  SCV x2  
  64  5:22  Medivac x2  
  64  5:27  Supply Depot  
  68  5:30  SCV, Combat Shields  
  68  5:34  SCV  
  70  5:38  Supply Depot  
  70  5:44  Marine  
  70  5:49  Marauder x2  
  74  5:51  SCV  
  74  5:52  Medivac  
  74  5:56  SCV  
  78  6:00  Medivac  
  78  6:02  Command Center  
  78  6:03  SCV  
  81  6:07  Marine  
  81  6:08  SCV  
  81  6:10  Marauder  
  85  6:13  Refinery  
  85  6:24  Marine  
  85  6:25  Marauder  
  80  6:34  Marauder  
  77  6:44  Marine x2  
  77  6:45  Medivac x2  
  77  6:46  Marauder, SCV  
  86  6:53  Barracks x2  
  86  6:54  SCV  
  86  6:55  Marauder  
  86  6:56  Terran Infantry Armor Level 1  
  86  6:58  SCV  
  86  7:00  Engineering Bay  
  86  7:01  Armory  
  85  7:02  Marine  
  85  7:03  Marine  
  85  7:06  SCV  
  85  7:07  Marine  
  89  7:10  SCV  
  90  7:16  Marine  
  90  7:17  Concussive Shells  
  90  7:18  Medivac  
  90  7:19  Marine, SCV  
  90  7:21  Orbital Command  
  90  7:22  SCV  
  96  7:25  Marauder  
  96  7:29  Supply Depot x2, Marine  
  99  7:31  SCV  
  99  7:34  Marine, SCV  
  102  7:37  Marine  
  102  7:42  Barracks Reactor, Barracks Tech Lab  
  102  7:43  SCV  
  104  7:45  Bunker  
  104  7:46  Marine x2, SCV  
  104  7:48  SCV  
  104  7:49  Terran Infantry Weapons Level 2  
  108  7:52  Marine  
  108  7:54  Medivac x2  
  113  8:00  SCV  
  114  8:15  Marine  
  114  8:16  Marine x4  
  120  8:20  SCV x2  
  120  8:22  Supply Depot, SCV  
  120  8:23  Supply Depot, Refinery  
  120  8:25  Marine  
  120  8:26  Refinery  
  123  8:32  SCV x2  
  125  8:35  Marine  
  125  8:39  Marine, Reaper, Marauder  
  125  8:40  Marauder  
  125  8:41  Marauder  
  119  8:43  Marine  
  119  8:44  SCV  
  119  8:53  Marine  
  117  9:00  Marauder  
  117  9:01  Marauder  
  117  9:02  Marauder  
  118  9:03  Marine  
  118  9:04  Marine  
  119  9:10  Marine  
  119  9:11  Marine  
  115  9:22  Marauder  
  121  9:24  Marine  
  121  9:25  Marine, Liberator x2  
  121  9:28  Marine x2  
  125  9:38  Terran Infantry Armor Level 2  
  125  9:41  Ghost Academy, SCV x2  
  125  9:42  Marine x2, SCV  
  125  9:44  Marine  
  133  10:00  Marine x2  
  133  10:22  Command Center  
  133  10:23  Supply Depot x2, Marine x7, SCV x2  
  133  10:24  SCV  
  133  10:25  Supply Depot  
  133  10:27  Supply Depot  
  143  10:35  SCV x2  
  139  10:36  SCV  
  139  10:40  Marine x6  
  139  10:41  Marine  
  146  10:47  SCV  
  147  10:58  Marine x6  
  155  11:13  Missile Turret  
  155  11:16  Marine x2  
  159  11:18  Missile Turret, Ghost  
  159  11:19  Ghost x2  
  159  11:22  Barracks  
  159  11:23  Barracks  
  159  11:24  Barracks  
  159  11:25  Marine x2  
  161  11:36  Marine  
  161  11:37  Marine  
  161  11:39  Medivac x2  
  167  11:43  Marine x2  
  169  11:47  Marine  
  169  11:48  Marine  
  169  11:49  Marauder  
  173  11:54  Marine  
  173  11:55  Marine  
  175  12:04  Marine  
  175  12:05  Marine, Marauder  
  175  12:06  Marauder  
  171  12:10  Marine  
  171  12:11  Marine  
  171  12:12  Marine x3  
  171  12:13  Marine  
  166  12:22  Marine  
  164  12:27  Marauder  
  164  12:28  Marauder x2  
  162  12:41  Marine x2  
  162  12:42  Marine x5  
  162  12:43  Planetary Fortress  
  169  12:47  Marine  
  169  12:49  Marine  
  171  12:52  Missile Turret  
  165  13:09  Marine  
  165  13:11  Marine  
  165  13:12  Marine x7  
  145  13:23  Marauder  
  137  13:27  Marine  
  137  13:29  Marine x5  
  137  13:31  Marine  
  137  13:32  Marine x2  
Tags
 
Add a new tag
Caveats
  • Supply blocks, unpowered buildings, or Contaminate may cause inaccurate times.
  • Supply counts are checked every 10 seconds.